Map: Затон РВ

Players

ИИ 1 (ученик)

  • Race: Terran Terran
  • Spawn Location: 5:00

Doll - Winner!

  • Race: Zerg Zerg
  • Spawn Location: 11:00

VOD

Have the link to the VOD?

Description

Time

  • Played on: Jan. 14, 2021, 3:59 p.m.
  • Length: 16:16
Show
View Real Time Build Order
Export as new Build Order

ИИ 1 (ученик) Terran 

Build Orders:  

Get SALT Encoding   

  12  0:00  SCV  
  13  0:13  SCV  
  14  0:19  Supply Depot  
  14  0:25  SCV  
  15  0:41  SCV  
  15  0:42  Barracks  
  16  0:52  Barracks  
  16  0:54  SCV  
  17  1:08  Barracks  
  17  1:10  SCV  
  18  1:22  SCV  
  18  1:23  Supply Depot  
  19  1:28  Marine  
  20  1:34  SCV  
  20  1:36  Refinery  
  20  1:39  Marine  
  22  1:46  SCV, Marine  
  24  1:57  Barracks  
  24  1:59  Marine  
  25  2:02  SCV  
  25  2:05  Marine  
  24  2:10  Marine  
  23  2:16  Marine  
  23  2:22  SCV  
  22  2:34  SCV  
  23  2:44  Marine  
  23  2:46  SCV  
  23  2:49  Marine  
  26  2:55  Supply Depot  
  26  2:58  SCV, Marine  
  27  3:05  Marine  
  28  3:10  SCV  
  30  3:21  Marine  
  30  3:22  SCV  
  32  3:31  Supply Depot  
  32  3:34  SCV, Refinery  
  32  3:35  Marine  
  34  3:42  Marine  
  34  3:45  Barracks Tech Lab  
  34  3:46  SCV  
  34  3:48  Marine  
  37  3:55  Barracks Tech Lab  
  37  3:58  SCV  
  37  4:01  Barracks Tech Lab  
  38  4:03  Combat Shield  
  38  4:11  Marauder, Orbital Command  
  38  4:16  Barracks Reactor  
  39  4:26  Marauder  
  41  4:34  Concussive Shells, Supply Depot  
  41  4:37  SCV  
  42  4:49  SCV  
  43  5:00  Command Center  
  43  5:01  SCV  
  43  5:02  Marine  
  45  5:08  Marauder  
  47  5:18  SCV  
  47  5:19  Marine  
  49  5:24  Marine  
  50  5:30  SCV, Marine  
  50  5:32  Marauder  
  54  5:42  SCV  
  55  5:44  Supply Depot  
  55  6:05  SCV  
  55  6:06  Marauder x3  
  62  6:12  SCV  
  62  6:13  Marine  
  62  6:17  SCV  
  65  6:18  Marine  
  65  6:23  Refinery  
  65  6:24  SCV, Refinery  
  67  6:27  Engineering Bay, Marauder  
  69  6:37  Orbital Command  
  69  6:38  Marauder  
  69  6:39  SCV  
  72  6:45  Engineering Bay  
  72  6:52  Factory  
  72  6:53  SCV  
  72  6:54  Missile Turret x2  
  73  6:58  Marine  
  74  7:05  SCV  
  75  7:21  Marauder  
  77  7:22  Supply Depot  
  77  7:26  Marine  
  78  7:30  Terran Infantry Armor Level 1, Terran Infantry Weapons Level 1  
  78  7:31  Supply Depot  
  78  7:39  Factory Tech Lab  
  78  7:44  SCV x2  
  80  7:56  SCV  
  80  7:57  Hellion  
  83  8:02  Marine  
  83  8:03  Armory  
  84  8:08  Marine  
  85  8:18  Marine, Command Center  
  85  8:19  Hellion  
  88  8:24  Marine  
  89  8:30  Marauder  
  91  8:40  Hellion  
  93  8:43  Bunker, Marine  
  81  8:48  Marine  
  81  8:54  Marine  
  83  9:00  Marine  
  84  9:05  Marine  
  84  9:06  SCV  
  86  9:11  Marine  
  86  9:14  Stimpack  
  87  9:17  Marine  
  87  9:22  Supply Depot  
  87  9:23  Marine  
  89  9:28  Marine  
  89  9:30  SCV  
  91  9:33  SCV  
  91  9:34  Marine  
  91  9:36  SCV  
  94  9:40  Marine  
  94  9:43  Refinery x2  
  95  9:45  Orbital Command  
  95  9:46  Marauder  
  95  9:50  Missile Turret  
  95  9:51  Marine  
  98  9:55  Missile Turret  
  98  9:58  Bunker  
  98  10:02  SCV, Widow Mine  
  98  10:05  Supply Depot  
  101  10:11  SCV  
  102  10:14  SCV  
  102  10:17  SCV  
  104  10:23  SCV  
  105  10:29  SCV x2  
  105  10:31  Supply Depot  
  105  10:33  Terran Vehicle Weapons Level 1  
  107  10:35  SCV  
  107  10:41  SCV  
  109  10:43  SCV  
  109  10:47  SCV  
  111  10:51  Siege Tank  
  111  10:53  SCV  
  115  10:58  SCV  
  115  10:59  Supply Depot  
  115  11:01  SCV  
  117  11:05  SCV  
  117  11:10  SCV  
  119  11:13  SCV  
  119  11:17  SCV  
  121  11:22  SCV  
  121  11:23  Supply Depot, Thor  
  128  11:29  SCV  
  129  11:35  Command Center  
  129  11:47  Supply Depot  
  129  12:06  Siege Tank  
  132  12:12  Supply Depot  
  132  12:27  Terran Ship Weapons Level 1  
  132  12:37  Marine, Supply Depot  
  132  12:38  Siege Tank, Marine  
  132  12:39  Marauder, Marine  
  132  12:40  Marine  
  83  12:55  Marine  
  83  12:56  Marine  
  83  12:57  Marine  
  83  12:58  Marine  
  87  13:00  Marine  
  87  13:01  Barracks  
  87  13:05  Barracks  
  79  13:11  Hellion  
  77  13:13  Marine  
  77  13:14  Marine  
  77  13:15  Marine x2  
  77  13:19  Marauder  
  80  13:31  Marauder  
  80  13:32  Siege Tank, Marauder  
  80  13:33  Marine x2  
  89  13:39  Marine  
  89  13:51  Marine x2  
  89  13:52  Marine  
  89  13:53  Marauder  
  89  13:54  Marauder  
  95  13:56  Marine  
  95  13:58  Marauder  
  97  14:04  Hellion  
  97  14:07  Planetary Fortress, Refinery  
  97  14:09  Marine x2  
  100  14:10  Barracks Tech Lab  
  100  14:13  Supply Depot  
  100  14:14  Marauder, SCV, Marine x2  
  105  14:18  Refinery  
  105  14:19  Marine  
  105  14:23  Factory  
  106  14:25  Siege Tank  
  106  14:26  Marine  
  106  14:27  Starport, Marine  
  106  14:28  Marine, SCV, Command Center  
  106  14:31  Missile Turret, SCV  
  114  14:32  Marine x2  
  114  14:34  Missile Turret, SCV  
  114  14:35  Marauder  
  114  14:36  Missile Turret, Marine  
  108  14:40  SCV, Supply Depot  
  108  14:43  SCV  
  108  14:44  Marine x2  
  82  14:46  Marine  
  82  14:50  Marine  
  82  14:51  Barracks Tech Lab  
  79  14:52  Barracks Tech Lab  
  79  14:54  Marine  
  79  14:56  Marine  
  79  14:58  Hellion  
  79  15:02  Marine x2  
  79  15:04  Marine  
  70  15:08  Marine  
  70  15:12  Marine  
  57  15:14  Marine  
  57  15:20  Marine x2  
  43  15:22  Marine  
  43  15:26  Marine  
  31  15:30  Marine  
  23  15:38  Marine x2  
  23  15:39  Marine  
  20  15:43  Marine  
  16  15:55  Marine  
  16  15:56  Marine  
  13  16:04  Command Center  
Show
View Real Time Build Order
Export as new Build Order

Doll Zerg - Winner!

Build Orders: Pool First, Zergling Baneling 

Get SALT Encoding   

  12  0:19  Spawning Pool  
  11  0:22  Extractor  
  11  0:25  Drone  
  11  0:37  Overlord  
  11  1:06  Zergling x6  
  14  1:13  Queen  
  16  1:18  Zergling x2  
  17  1:29  Metabolic Boost  
  17  1:36  Zergling x2  
  18  1:43  Zergling x2  
  19  1:51  Zergling x2  
  21  2:01  Zergling x2  
  20  2:11  Overlord  
  19  2:21  Drone  
  19  2:22  Drone  
  20  2:27  Drone  
  20  2:33  Drone  
  21  2:49  Spine Crawler, Drone  
  21  2:55  Drone  
  22  2:59  Drone  
  22  3:04  Drone  
  24  3:09  Drone  
  25  3:13  Drone  
  25  3:17  Drone  
  27  3:22  Drone  
  28  3:47  Hatchery, Drone  
  28  3:49  Drone  
  28  3:52  Drone  
  30  4:00  Baneling Nest  
  29  4:05  Overlord  
  29  4:12  Drone  
  30  4:19  Lair  
  30  4:22  Extractor  
  29  4:24  Drone  
  29  4:25  Drone  
  29  4:29  Drone  
  29  4:30  Drone  
  33  4:33  Drone  
  34  4:48  Baneling x5  
  34  4:49  Baneling x3  
  34  4:51  Zergling x2  
  34  4:52  Zergling x2  
  36  4:59  Zergling x2  
  37  5:00  Zergling x4  
  37  5:03  Zergling x2  
  40  5:08  Overlord  
  40  5:11  Drone  
  41  5:15  Drone  
  41  5:21  Centrifical Hooks  
  42  5:24  Drone  
  43  5:31  Drone  
  43  5:32  Spine Crawler  
  43  5:37  Drone x2  
  43  5:42  Queen  
  45  5:45  Drone  
  48  5:50  Overseer  
  48  5:51  Spore Crawler  
  48  5:54  Drone  
  48  5:55  Drone  
  49  5:57  Drone  
  49  5:59  Drone  
  49  6:03  Overlord  
  51  6:11  Evolution Chamber  
  51  6:14  Evolution Chamber  
  51  6:16  Drone  
  51  6:17  Drone  
  51  6:19  Evolution Chamber  
  51  6:20  Drone  
  51  6:24  Drone  
  52  6:32  Hydralisk Den, Spore Crawler, Drone  
  51  6:33  Drone  
  51  6:36  Extractor  
  51  6:37  Extractor  
  51  6:39  Zerg Melee Weapons Level 1  
  50  6:43  Zerg Ground Armor Level 1  
  50  6:45  Drone  
  51  6:47  Overseer  
  51  6:51  Drone  
  51  6:52  Drone  
  51  6:53  Drone  
  54  6:55  Drone  
  54  6:56  Drone  
  54  7:00  Overlord  
  56  7:03  Drone x2  
  58  7:10  Overlord  
  58  7:13  Drone  
  59  7:22  Hatchery  
  58  7:25  Hydralisk  
  58  7:27  Drone  
  58  7:28  Drone  
  62  7:31  Drone  
  62  7:32  Drone  
  62  7:34  Drone  
  62  7:36  Drone  
  66  7:37  Drone  
  66  7:40  Drone  
  66  7:41  Drone x2  
  70  7:45  Overlord  
  70  7:49  Overlord  
  70  7:56  Hydralisk  
  72  7:59  Queen  
  64  8:51  Hydralisk x7  
  64  8:52  Hydralisk x3  
  84  9:12  Hydralisk x5  
  84  9:13  Hydralisk  
  84  9:15  Zerg Melee Weapons Level 2  
  96  9:17  Zerg Missile Weapons Level 1, Zerg Ground Armor Level 2  
  96  9:23  Grooved Spines  
  96  9:25  Hydralisk  
  96  9:28  Overlord x2  
  96  9:29  Overlord x3  
  98  9:38  Infestation Pit  
  98  9:42  Spire  
  96  9:50  Zergling x6  
  96  9:51  Zergling x12  
  96  9:52  Zergling x4  
  107  10:04  Hydralisk x3  
  113  10:08  Hatchery  
  113  10:14  Hydralisk x3  
  112  10:17  Hydralisk  
  112  10:18  Hydralisk x5  
  112  10:20  Baneling  
  130  10:22  Baneling  
  130  10:27  Extractor  
  130  10:28  Extractor  
  128  10:31  Zergling x8  
  128  10:32  Zergling x4  
  134  10:40  Muscular Augments  
  134  10:45  Hydralisk x2, Roach Warren  
  137  10:55  Overlord  
  137  10:56  Overlord x3  
  137  10:58  Pneumatized Carapace  
  137  11:18  Mutalisk x3, Zergling x2  
  140  11:21  Zergling x6  
  140  11:24  Overlord  
  147  11:28  Hatchery  
  147  11:32  Zergling x4  
  148  11:40  Baneling  
  148  11:41  Baneling x13  
  148  11:42  Baneling  
  148  11:43  Baneling  
  148  11:47  Drone  
  148  11:48  Drone x2  
  148  11:50  Drone  
  148  11:53  Drone  
  153  11:55  Drone  
  153  11:56  Drone  
  153  11:58  Drone  
  153  12:00  Drone  
  157  12:02  Drone  
  157  12:04  Drone  
  159  12:10  Drone x3  
  159  12:11  Drone  
  163  12:18  Hydralisk x2  
  163  12:22  Mutalisk  
  169  12:25  Mutalisk  
  171  12:30  Zerg Missile Weapons Level 2  
  169  12:39  Hive  
  159  12:51  Mutalisk x6  
  169  13:24  Mutalisk x3  
  169  13:25  Mutalisk x2  
  179  13:28  Drone x3  
  179  13:29  Drone x6  
  179  13:30  Drone  
  189  13:39  Extractor  
  189  13:40  Extractor  
  187  13:44  Spore Crawler  
  187  13:46  Spine Crawler  
  187  13:47  Spine Crawler, Zergling x8  
  187  13:48  Zergling x2  
  189  13:53  Overlord  
  189  13:54  Spine Crawler, Overlord x4  
  188  13:57  Overseer  
  188  14:15  Mutalisk  
  188  14:16  Mutalisk x5  
  191  14:40  Mutalisk x3  
  191  14:41  Mutalisk x3  
  190  14:53  Zergling x2  
  190  14:54  Roach, Zergling x6  
  190  14:55  Roach x2  
  194  15:07  Mutalisk x3  
  192  15:24  Drone x4  
  192  15:25  Drone x4  
  198  15:39  Mutalisk x2  
Tags
 
Matchup
ЗvТ
Opening
Pool First
Spawn Locations
Cross Positions
Add a new tag
Caveats
  • Supply blocks, unpowered buildings, or Contaminate may cause inaccurate times.
  • Supply counts are checked every 10 seconds.